AoeStats
← ivcrk826

Enclosed

505637503Analyzed
1v1 RM · 22d ago on Sep 10, 2026· 33m 50s· 2 players
Game mode
Random Map
Map size
Tiny (2 player)
Population
200
Speed
Normal
Resources
Standard
Victory
Conquest
Starting age
Dark Age
Ending age
Imperial Age
RankedLock teamsTeams togetherTeam positionsShared explorationLock speedFull tech treeHidden civsTurbo modeCheats
Victory
Defeat
🇩🇪 Ethiopians · Germany
1243
+13
🇦🇷 Khitans · Argentina
1185
-13
beasty_bar14
9:41 Feudal Age
9:50 Man-at-Arms
10:16 Double-Bit Axe
11:48 Loom
14:35 Fletching
23:01 Castle Age
22:57 Gold Mining
23:39 Bodkin Arrow
23:10 Crossbowman
25:16 Bow Saw
25:44 Ballistics
28:06 Squires
31:22 Scale Mail Armor
31:33 Forging
32:48 Bow Saw
34:01 Thumb Ring
33:57 Town Watch
ivcrk826
6:48 Loom
9:28 Feudal Age
13:53 Double-Bit Axe
15:18 Forging
24:36 Scale Barding Armor
27:21 Fletching
Connection lost

Rejoining the realm…

Still unreachable

The connection could not be restored.

Session expired

The server has moved on; the page needs a fresh start.